 Dungeon Crawl Stone Soup version 0.23.0-3-gf3c87f2 (webtiles) character file.

Game seed: 4139866475526562929

651 Borgoz the Sneak (level 7, -6/56 HPs)
             Began as a Ghoul Enchanter on Feb 23, 2019.
             Mangled by a gnoll
             ... wielding a +0 spear
              (9 damage)
             ... on level 4 of the Dungeon.
             The game lasted 00:12:41 (4135 turns).

Borgoz the Sneak (Ghoul Enchanter)                  Turns: 4135, Time: 00:12:42

Health: -6/56      AC:  2    Str: 12    XL:     7   Next: 53%
Magic:  9/9        EV: 13    Int: 10    God:
Gold:   175        SH:  0    Dex: 11    Spells: 7/10 levels left

rFire    . . .     SeeInvis .   a - +0 dagger (venom)
rCold    + . .     Gourm    .   (no shield)
rNeg     + + +     Faith    .   h - +0 robe
rPois    ∞         Spirit   .   (no helmet)
rElec    .         Reflect  .   (no cloak)
rCorr    .         Harm     .   (no gloves)
MR       .....                  (no boots)
Stlth    ++++......             (no amulet)
HPRegen  0.00/turn              g - ring of stealth
MPRegen  0.11/turn              (no ring)

@: rotting
A: rotting body, claws 1, carnivore, cold resistance 1, negative energy
resistance 3, inhibited regeneration, torment resistance, unbreathing
a: no special abilities


You were on level 4 of the Dungeon.
You were not hungry.

You visited 1 branch of the dungeon, and saw 4 of its levels.
You also visited: Sewer.

You collected 175 gold pieces.

Inventory:

Hand Weapons
 a - a +0 dagger of venom (weapon)
 b - a +0 blowgun
Armour
 e - a +0 shield
 h - a +0 robe (worn)
Jewellery
 g - a ring of stealth (left claw)
Wands
 n - a wand of digging (4)
Scrolls
 c - 2 scrolls of teleportation
 j - a scroll of remove curse
 o - 2 scrolls of amnesia
Potions
 i - a potion of haste
Comestibles
 d - 7 rations
 f - a chunk of flesh


   Skills:
 + Level 2.7 Fighting
 * Level 3.4 Short Blades
 + Level 1.2 Throwing
 + Level 1.9 Armour
 * Level 3.9 Dodging
 + Level 4.5 Stealth
 - Level 2.0 Spellcasting
 + Level 3.3 Hexes


You had 7 spell levels left.
You knew the following spells:

 Your Spells              Type           Power        Failure   Level  Hunger
a - Corona                Hex            #......      9%          1    ##.....
b - Ensorcelled Hibernat  Hex/Ice        #.....       24%         2    ###....

Your spell library contained the following spells:

 Spells                   Type           Power        Failure   Level  Hunger
 Confuse                  Hex            #.......     24%         3    ####...
 Tukima's Dance           Hex            #.......     24%         3    ####...
 Dazzling Spray           Conj/Hex       #.....       43%         3    ####...


Dungeon Overview and Level Annotations

Branches:
Dungeon (4/15)
 Temple: D:4-7

Altars:
Wu Jian


Innate Abilities, Weirdness & Mutations

Your body is rotting away.
You thrive on raw meat.
You are immune to poison.
You have sharp fingernails.
You are carnivorous and can eat meat at any time.
Your flesh is cold resistant. (rC+)
You are immune to negative energy. (rN+++)
You do not regenerate when monsters are visible.
You are immune to unholy pain and torment.
You can survive without breathing.


Message History

Your +0 dagger of venom begins to drip with poison!
a - a +0 dagger of venom (weapon)
Eat one of 3 chunks of flesh? (ye/n/q)
You eat one of the 3 chunks of flesh.
This raw flesh tastes great!
The gnoll completely misses you. The gnoll barely misses you.
Eat one of 2 chunks of flesh? (ye/n/q)
You eat one of the 2 chunks of flesh.
This raw flesh tastes great!
The gnoll closely misses you. The gnoll hits you but does no damage.
The gnoll barely misses you.
The gnoll hits you from afar with a +0 spear.
You hit the gnoll but do no damage.
The gnoll is poisoned.
The gnoll hits you from afar with a +0 spear.
The gnoll barely misses you. The gnoll hits you with a +0 spear.
You hit the gnoll.
The gnoll is moderately wounded.
The gnoll hits you with a cursed -2 halberd!
* * * LOW HITPOINT WARNING * * *
The gnoll hits you with a +0 spear!
You die...

......#................#
.##..##.#.....(.....##.#
. #.. #.######(.........
.##..##.## #..###.##.#
.........#####.)######.#
........................
..................####.
.##..#.#.######g#g####.#.
................@........
.........................
.###.###...#.............
..#..###...#..#...##.(##.
...........#......# ..#
....)###...#..#...# .#
.##.####......#...# ..
................... ..
.#........#...#....


You could see 2 gnolls.

Vanquished Creatures
  Purgy (Sewer)
  2 ogres (D:3)
  A scorpion (D:4)
  An orc priest (D:4)
  2 orc wizards
  Terence (D:3)
  A worker ant (D:4)
  2 gnolls (D:4)
  6 adders (D:3)
  2 river rats (D:3)
  2 oozes
  5 worms
  2 dart slugs (D:1)
  A leopard gecko (D:2)
  11 orcs
  A ball python (D:3)
  13 goblins
  3 hobgoblins
  12 jackals
  9 kobolds
  4 bats
  6 frilled lizards
  13 rats
101 creatures vanquished.

Notes
Turn   | Place    | Note
-------+----------+-------------------------------------------
     0 | D:1      | Borgoz the Ghoul Enchanter began the quest for the Orb.
     0 | D:1      | Reached XP level 1. HP: 14/14 MP: 2/2
    70 | D:1      | Reached skill level 1 in Short Blades
   221 | D:1      | Reached XP level 2. HP: 21/22 MP: 1/3
   570 | D:1      | Reached XP level 3. HP: 10/27 MP: 4/4
  1947 | D:2      | Reached skill level 1 in Fighting
  2392 | D:3      | Noticed an ogre
  2587 | D:3      | Noticed an ogre
  2588 | D:3      | Noticed Terence
  2671 | D:3      | Reached XP level 4. HP: 33/35 MP: 6/6
  2830 | D:3      | Killed an ogre
  2830 | D:3      | Reached skill level 1 in Armour
  2830 | D:3      | Reached XP level 5. HP: 37/41 MP: 7/7
  2975 | D:3      | Reached skill level 4 in Stealth
  2995 | D:3      | Reached XP level 6. HP: 24/48 MP: 8/8
  3021 | D:3      | Found a glowing drain.
  3030 | Sewer    | Entered a sewer
  3129 | Sewer    | Learned a level 2 spell: Ensorcelled Hibernation
  3140 | Sewer    | Noticed Purgy
  3152 | Sewer    | Killed Purgy
  3317 | D:3      | Found an ornate altar of the Wu Jian Council.
  3385 | D:3      | Reached XP level 7. HP: 48/56 MP: 9/9
  3473 | D:3      | Killed Terence
  3872 | D:4      | Reached skill level 1 in Throwing
  4135 | D:4      | Mangled by a gnoll

Skill      XL: |  1  2  3  4  5  6  7 |
---------------+----------------------+-----
Short Blades   | 1 2 3 |  3.4
Dodging        | 2 3 |  3.9
Fighting       | 1 2 |  2.7
Spellcasting   | 2 |  2.0
Armour         | 1 |  1.9
Stealth        | 4 |  4.5
Hexes          | 3 |  3.3
Throwing       | 1 |  1.2

Action                   |  1- 3 |  4- 6 |  7- 9 || total
-------------------------+-------+-------+-------++-------
Melee: Dagger            |   191 |   202 |    61 ||   454
 Fire: Blowgun           |       |     4 |     4 ||     8
 Cast: Corona            |    22 |     3 |       ||    25
       Ensorcelled Hiber |       |     1 |     2 ||     3
  Use: Scroll            |     4 |     2 |     3 ||     9
       Potion            |     1 |     1 |     2 ||     4
 Stab: Sleeping          |     6 |     1 |     5 ||    12
  Eat: Chunk             |    26 |    23 |    14 ||    63
Armor: Robe              |    43 |    23 |     9 ||    75
Dodge: Dodged            |   117 |   111 |    61 ||   289
